 Dungeon Crawl Stone Soup version 0.23.2-40-g277498a (webtiles) character file.

Game seed: 16324510797382112705

86 Aphrodieselac the Charmwright (level 4, -3/33 HPs)
             Began as a Merfolk Skald on Aug 29, 2019.
             Slain by a worker ant (5 damage)
             ... on level 3 of the Dungeon.
             The game lasted 00:08:13 (1483 turns).

Aphrodieselac the Charmwright (Merfolk Skald)       Turns: 1483, Time: 00:08:14

Health: -3/33      AC:  4    Str: 11    XL:     4   Next: 50%
Magic:  5/7        EV: 12    Int: 13    God:
Gold:   96         SH:  0    Dex: 13    Spells: 2/7 levels left

rFire    . . .     SeeInvis .   a - +0 spear
rCold    . . .     Gourm    .   (no shield)
rNeg     . . .     Faith    .   b - +0 leather armour
rPois    .         Spirit   .   (no helmet)
rElec    .         Reflect  .   (no cloak)
rCorr    .         Harm     .   k - +0 pair of gloves (curse)
MR       .....                  (no boots)
Stlth    +.........             (no amulet)
HPRegen  0.11/turn              (no ring)
MPRegen  0.10/turn              (no ring)

@: lethally poisoned (-3 -> -7), shrouded (expiring), slowed, very slow
A: change form in water, swift swim, stealthy swim
a: no special abilities


You were on level 3 of the Dungeon.
You were not hungry.

You visited 1 branch of the dungeon, and saw 3 of its levels.

You collected 96 gold pieces.

Inventory:

Hand Weapons
 a - a +0 spear (weapon)
Armour
 b - a +0 leather armour (worn)
 k - a cursed +0 pair of gloves (worn)
Jewellery
 f - an uncursed ring of fire
Scrolls
 g - 2 scrolls of teleportation {unknown}
 l - a scroll of fear {unknown}
 m - a scroll of identify {unknown}
 o - a scroll of amnesia {unknown}
 p - a scroll of enchant weapon {unknown}
 s - a scroll of remove curse {unknown}
 t - a scroll of enchant armour {unknown}
Potions
 e - a potion of resistance {unknown}
 h - a potion of might {unknown}
 i - a potion of berserk rage {unknown}
 j - a potion of lignification {unknown}
 q - a potion of haste {unknown}
 r - a potion of magic {unknown}
Comestibles
 c - 2 chunks of flesh
 d - 6 rations


   Skills:
 - Level 2.1 Fighting
 + Level 4.6 Polearms
 - Level 0.6 Armour
 - Level 2.6 Dodging
 + Level 0.2 Stealth
 - Level 2.0 Spellcasting
 * Level 4.9 Charms


You had 2 spell levels left.
You knew the following spells:

 Your Spells              Type           Power        Failure   Level  Hunger
a - Infusion              Chrm           ##..         4%          1    ##.....
b - Song of Slaying       Chrm           ##......     7%          2    ###....
c - Shroud of Golubria    Chrm/Tloc      #.........   19%         2    ###....

Your spell library contained the following spells:

 Spells                   Type           Power        Failure   Level  Hunger
 Corona                   Hex            #......      32%         1    ##.....
 Ensorcelled Hibernation  Hex/Ice        #.....       45%         2    ###....
 Regeneration             Chrm/Necr      #.........   36%         3    ####...
 Spectral Weapon          Hex/Chrm       #.......     36%         3    ####...
 Confuse                  Hex            #.......     69%         3    ####...
 Dazzling Spray           Conj/Hex       #.....       69%         3    ####...
 Tukima's Dance           Hex            #.......     69%         3    ####...


Dungeon Overview and Level Annotations

Branches:
Dungeon (3/15)

Altars:


Message History

You feel as though you will be slow longer.
You feel better.
Your shroud begins to fray at the edges.
The hobgoblin shouts!
You hear an angry hiss.
The worker ant bites you.
The kobold shoots a curare-tipped needle.
The curare-tipped needle misses you. The worker ant bites you.
* * * LOW HITPOINT WARNING * * *
You are poisoned.
The worker ant poisons you!
A dart slug comes into view.
You feel sick.
The kobold unwields a +0 blowgun.
The kobold misses you. The hobgoblin hits you.
* * * LOW HITPOINT WARNING * * *
* * * LOW HITPOINT WARNING * * *
You feel sick. The kobold misses you. The worker ant barely misses you.
A hobgoblin comes into view. It is wielding a +0 club.
* * * LOW HITPOINT WARNING * * *
You feel sick. The worker ant bites you.
You die...

.... ..... #..#
...... #..### ......
#...# .......
#...###.w...
#####((....[#
#...........##
#.......aKg..###.#
#........@....... #
#............#### .#
#.........†...###..#.
#.........#<.........
#.........#....###...
#.........#.........%
#....................
########...#...#....
#...#...#....


You could see a worker ant, a dart slug, a hobgoblin and a kobold.

Vanquished Creatures
  4 adders (D:2)
  2 oozes
  A dart slug (D:2)
  2 leopard geckos (D:3)
  4 bats
  3 giant cockroaches
  3 goblins
  7 hobgoblins
  A ball python (D:2)
  A frilled lizard (D:2)
  7 kobolds
  5 rats
40 creatures vanquished.

Notes
Turn   | Place    | Note
-------+----------+-------------------------------------------
     0 | D:1      | Aphrodieselac the Merfolk Skald began the quest for the
                  | Orb.
     0 | D:1      | Reached XP level 1. HP: 16/16 MP: 3/3
   111 | D:1      | Reached XP level 2. HP: 15/22 MP: 0/5
   673 | D:2      | Reached XP level 3. HP: 27/27 MP: 1/6
  1214 | D:2      | Reached XP level 4. HP: 22/33 MP: 2/7
  1466 | D:3      | Learned a level 2 spell: Song of Slaying
  1469 | D:3      | Learned a level 2 spell: Shroud of Golubria
  1483 | D:3      | Slain by a worker ant

Skill      XL: |  1  2  3 |
---------------+----------+-----
Charms         | 4 |  4.9
Polearms       | 4 |  4.6
Fighting       | |  2.1
Armour         | |  0.6
Dodging        | |  2.6
Stealth        | |  0.2
Spellcasting   | |  2.0

Action                   |  1- 3 |  4- 6 || total
-------------------------+-------+-------++-------
Melee: Spear             |   114 |    29 ||   143
 Cast: Infusion          |     5 |     1 ||     6
       Shroud of Golubri |       |     1 ||     1
  Use: Potion            |       |     2 ||     2
  Eat: Chunk             |     1 |     1 ||     2
Armor: Leather armour    |    19 |     7 ||    26
Dodge: Dodged            |    53 |    31 ||    84
